 Dungeon Crawl Stone Soup version 0.31.0-32-g396128a36d (webtiles) character file.

Game seed: 6993924965993236858

166 Econoterrorist the Cudgeller (level 5, 0/45 HPs)
             Began as a Minotaur Fighter on Apr 12, 2024.
             Slain by an orc
             ... wielding a +0 short sword
              (5 damage)
             ... on level 3 of the Dungeon.
             The game lasted 00:05:16 (1951 turns).

Econoterrorist the Cudgeller (Minotaur Fighter)     Turns: 1951, Time: 00:05:16

Health: 0/45       AC:  6    Str: 20    XL:     5   Next: 22%
Magic:  4/4        EV:  9    Int: 11    God:
Gold:   147        SH:  4    Dex: 12    Spells: 4/4 levels left

rFire   . . .        o - +0 morningstar
rCold   . . .        c - +0 buckler
rNeg    + . .        b - +0 scale mail
rPois   .            (helmet restricted)
rElec   .            (no cloak)
rCorr   .            (no gloves)
SInv    .            (no boots)
Will    .....        (no amulet) Stlth
                     j - +6 ring of intelligence
HPRegen 0.27/turn    r - ring of positive energy
MPRegen 0.09/turn

%: no passive effects
@: no status effects
A: horns 2, retaliatory headbutt
a: no special abilities


You were on level 3 of the Dungeon.
You visited 1 branch of the dungeon, and saw 3 of its levels.

You collected 147 gold pieces.

Inventory:

Hand Weapons
 o - a +0 morningstar (weapon)
Armour
 b - a +0 scale mail (worn)
 c - a +0 buckler (worn)
Jewellery
 j - a +6 ring of intelligence (left hand)
 r - a ring of positive energy (right hand)
 s - an amulet of regeneration
Scrolls
 a - a scroll of fear {unknown}
 g - a scroll of enchant weapon {unknown}
 h - a scroll of vulnerability {unknown}
 i - 2 scrolls of teleportation {unknown}
 p - a scroll of identify {unknown}
 t - a scroll of acquirement {unknown}
Potions
 d - a potion of might
 m - a potion of magic
 q - a potion of resistance {unknown}


   Skills:
 - Level 3.6 Fighting
 + Level 6.6 Maces & Flails
 - Level 3.6 Armour
 - Level 3.6 Shields


You had 4 spell levels left.
You didn't know any spells.
Your spell library was empty.

Dungeon Overview and Level Annotations

Branches:
Dungeon (3/15)

Altars:
Elyvilon


Innate Abilities, Weirdness & Mutations

You have a pair of horns on your head.
You reflexively headbutt those who attack you in melee.


Message History

The magic dart hits you but does no damage.
It was a potion of cancellation.
Your magical effects are unravelling.
You feel magically purged.
You feel less wooden.
Your +0 scale mail unmelds from your body.
You feel yourself slow down.
You feel a little less clever now.
It was a potion of curing.
You feel better. Something hits you but does no damage.
You miss something. Something hits you but does no damage.
The orc wizard casts a spell at you.
You hit something but do no damage. Your headbutt misses something.
Something hits you.
* * * LOW HITPOINT WARNING * * *
Something hits you but does no damage.
You hit something. Something hits you.
* * * LOW HITPOINT WARNING * * *
You closely miss something. Something hits you but does no damage.
You puncture something!
Reactivating autopickup.
You feel a bit more experienced.
You have reached level 5!
You barely miss the orc wizard. Your headbutt misses the orc wizard.
The orc wizard hits you but does no damage.
You bludgeon the orc wizard!!
You kill the orc wizard!
You closely miss the orc. The orc hits you but does no damage.
You hit the orc. Your headbutt misses the orc.
The orc is moderately wounded.
The orc barely misses you.
You closely miss the orc.
The orc is moderately wounded.
The orc hits you with a +0 short sword.
* * * LOW HITPOINT WARNING * * *
The orc hits you with a +0 short sword.
* * * LOW HITPOINT WARNING * * *
You closely miss the orc.
The orc is moderately wounded.
The orc hits you with a +0 short sword.
You die...

....... + #
#.....# #
#)#.....#
#.#!.)..#
#.......###
###.......# #+#
#.#####.# #.# #o#
#.# #.#
#@#####.####.##
#.##..........####
#.##.##.##........
#.##.##.###...####
#...#...# ##.##
#....#### ###
######


You could see an orc.

Vanquished Creatures
  An orc priest (D:3)
  Jessica (D:2)
  2 orc wizards (D:3)
  2 adders (D:2)
  2 orcs (D:3)
  3 ball pythons
  7 bats
  3 endoplasms
  2 giant cockroaches (D:2)
  7 goblins
  4 hobgoblins (D:2)
  2 jackals (D:2)
  2 kobolds
  4 quokkas
  6 frilled lizards
  6 rats
54 creatures vanquished.

Notes
Turn   | Place    | Note
-------+----------+-------------------------------------------
     0 | D:1      | Econoterrorist the Minotaur Fighter began the quest for the
                  | Orb.
     0 | D:1      | Reached XP level 1. HP: 19/19 MP: 0/0
   150 | D:1      | Found a faded altar of an unknown god.
   159 | D:1      | Reached skill level 3 in Maces & Flails
   222 | D:1      | Reached XP level 2. HP: 26/26 MP: 1/1
   797 | D:2      | Reached skill level 4 in Maces & Flails
   798 | D:2      | Found a white marble altar of Elyvilon.
   872 | D:2      | Reached XP level 3. HP: 31/31 MP: 2/2
   982 | D:2      | Reached skill level 5 in Maces & Flails
  1072 | D:2      | Noticed Jessica
  1090 | D:2      | Killed Jessica
  1091 | D:2      | Reached XP level 4. HP: 29/39 MP: 3/3
  1435 | D:3      | Identified the +3 short sword of Laquoqyt {flame, rF+ rN++
                  | Dex-3}
  1926 | D:3      | Reached skill level 6 in Maces & Flails
  1946 | D:3      | Reached XP level 5. HP: 10/45 MP: 4/4
  1951 | D:3      | Slain by an orc

Illustrated notes

Levels and vault maps discovered:
D:1:      psy_arrival_dodecagon, layout_basic,
          shapermc_ecumenical_altar_acropolis, kennysheep_doodads
D:2:      layout_basic, basic_altar, minivault_11, minmay_octomino_e4,
          uniq_jessica
D:3:      layout_loops_corners, roderic_lattice_a, minmay_misc_feat_chi

Skill      XL: |  1  2  3  4 |
---------------+-------------+-----
Maces & Flails | 3 4 5 6 |  6.6
Fighting       | |  3.6
Armour         | |  3.6
Shields        | |  3.6

Action                     |  1- 3 |  4- 6 || total
---------------------------+-------+-------++-------
  Melee: Flail             |   104 |     3 ||   107
         Headbutt          |     8 |     1 ||     9
         Morningstar       |       |    30 ||    30
    Use: Potion            |       |     6 ||     6
 Armour: Scale mail        |    78 |    42 ||   120
         Skin              |       |     3 ||     3
  Dodge: Dodged            |    46 |     7 ||    53
  Block: Buckler           |    21 |     3 ||    24
